 Dungeon Sprint DCSS version 0.17-a0-1863-g715b4b0 (webtiles) character file.

347 luca467 the Cudgeler (level 6, 0/53 HPs)
             Began as a Mummy Fighter on Sept 20, 2015.
             Was a Follower of Okawaru.
             Slain by a hungry ghost (2 damage)
             ... in the Dungeon (Sprint IX: "|||||||||||||||||||||||||||||").
             The game lasted 00:04:33 (698 turns).

luca467 the Cudgeler (Mummy Fighter)                 Turns: 698, Time: 00:04:33

Health: 0/53       AC: 11    Str: 21    XL:     6   Next: 32%
Magic:  6/6        EV:  9    Int:  8    God:    Okawaru [*.....]
Gold:   0          SH: 10    Dex: 11    Spells: 0 memorised, 5 levels left

rFire  x . .     SeeInvis .     h - +2 morningstar (crush)
rCold  + . .     Clarity  .     k - +1 scale mail
rNeg   + + +     SustAt   .     c - +0 shield
rPois  ∞         Gourm    .     j - +0 helmet
rElec  .         Spirit   .     (no cloak)
rCorr  .         Warding  .     (no gloves)
rMut   .         NoTele   +     (no boots)
MR     .....                    (no amulet)
Stlth  ..........               l - +2 ring of evasion
                                m - +2 ring of protection

@: not resistant to hostile enchantments, extremely unstealthy
A: no food or potions, fire vulnerability, cold resistance 1, negative energy
resistance 3, torment resistance, unbreathing
a: Heroism, Renounce Religion


You were in the Dungeon.
You worshipped Okawaru.
Okawaru was aware of your devotion.
You were not hungry.

You visited 1 branch

Inventory:

Hand weapons
 a - a +0 flail
 h - a +2 morningstar of crushing (weapon)
 i - a +4 quarterstaff of speed
Armour
 b - a +0 scale mail
 c - a +0 shield (worn)
 j - a +0 helmet (worn)
 k - a +1 scale mail (worn)
Jewellery
 l - a +2 ring of evasion (right hand)
 m - a +2 ring of protection (left hand)
Magical devices
 g - a wand of draining (6)
Scrolls
 d - 2 scrolls of blinking
 e - 3 scrolls of remove curse
 f - 2 scrolls of amnesia


   Skills:
 + Level 6.7 Fighting
 * Level 7.3 Maces & Flails
 + Level 5.6 Armour
 + Level 5.6 Shields


You had 5 spell levels left.
You didn't know any spells.

Dungeon Overview and Level Annotations

Branches:
Dungeon (1/1)

Altars:
Cheibriados
Dithmenos
Elyvilon
Fedhas
Gozag
Kikubaaqudgha
Makhleb
Nemelex Xobeh
Okawaru
Qazlal
Ru
Sif Muna
Trog
Vehumet
Xom
Yredelemnul
Zin
The Shining One
Beogh
Jiyva
Lugonu


Innate Abilities, Weirdness & Mutations

You do not eat or drink.
Your flesh is vulnerable to fire.
You are immune to poison.
Your flesh is cold resistant.
You are immune to negative energy.
You are immune to unholy pain and torment.
You can survive without breathing.


Message History

* * * LOW HITPOINT WARNING * * *
You puncture the worker ant!
You kill the worker ant!
Okawaru accepts your kill.
You sock the hungry ghost!
The hungry ghost is moderately damaged.
The hungry ghost closely misses you.
You closely miss the hungry ghost.
The hungry ghost is moderately damaged.
You block the hungry ghost's attack.
You miss the hungry ghost.
The hungry ghost is moderately damaged.
You block the hungry ghost's attack. The hungry ghost hits you.
You barely miss the hungry ghost.
The hungry ghost is moderately damaged.
The hungry ghost misses you.
You barely miss the hungry ghost.
The hungry ghost is moderately damaged.
The centaur warrior seems less drained.
The hungry ghost hits you.
You die... ▓▓▓▓▓▓▓▓▓▓▓▓▓▓▓▓▓▓▓▓▓▓▓▓▓▓ _'!.|)[....†....@Wcao....+ ▓▓▓▓▓▓▓▓▓▓▓▓▓▓▓▓▓▓▓▓▓▓▓▓▓▓

You could see a centaur warrior, a hungry ghost, a worker ant and an orc.

Vanquished Creatures
  A hungry ghost (D)
  An orc warrior (D)
  A jelly (D)
  A crimson imp (D)
  A worker ant (D)
  4 adders (D)
  An adder zombie (D)
  An adder skeleton (D)
  A giant gecko (D)
  2 bats (D)
  A hobgoblin (D)
  A kobold (D)
  A quokka (D)
  A quokka skeleton (D)
18 creatures vanquished.

Notes
Turn   | Place    | Note
--------------------------------------------------------------
     0 | D        | luca467 the Mummy Fighter began the quest for the Orb.
     0 | D        | Reached XP level 1. HP: 18/18 MP: 1/1
   219 | D        | Noticed a crimson imp
   225 | D        | Reached XP level 2. HP: 21/24 MP: 2/2
   245 | D        | Reached skill level 4 in Fighting
   245 | D        | Reached XP level 3. HP: 7/30 MP: 3/3
   272 | D        | Killed a crimson imp
   491 | D        | Found a glowing silver altar of Zin.
   491 | D        | Found a glowing golden altar of the Shining One.
   491 | D        | Found an ancient bone altar of Kikubaaqudgha.
   491 | D        | Found a basalt altar of Yredelemnul.
   491 | D        | Found a shimmering altar of Xom.
   491 | D        | Found a radiant altar of Vehumet.
   492 | D        | Found an iron altar of Okawaru.
   493 | D        | Found a burning altar of Makhleb.
   494 | D        | Found a deep blue altar of Sif Muna.
   495 | D        | Found a bloodstained altar of Trog.
   496 | D        | Found a sparkling altar of Nemelex Xobeh.
   497 | D        | Found a white marble altar of Elyvilon.
   498 | D        | Found a roughly hewn altar of Beogh.
   499 | D        | Found a viscous altar of Jiyva.
   500 | D        | Became a worshipper of Warmaster Okawaru
   501 | D        | Found a corrupted altar of Lugonu.
   502 | D        | Found a blossoming altar of Fedhas.
   503 | D        | Found a snail-covered altar of Cheibriados.
   504 | D        | Found a shadowy altar of Dithmenos.
   505 | D        | Found a stormy altar of Qazlal.
   506 | D        | Found an opulent altar of Gozag.
   507 | D        | Found a sacrificial altar of Ru.
   555 | D        | Noticed a jelly
   555 | D        | Noticed a hungry ghost
   559 | D        | Reached XP level 4. HP: 35/38 MP: 4/4
   562 | D        | Killed a jelly
   580 | D        | Killed a hungry ghost
   580 | D        | Reached skill level 6 in Fighting
   580 | D        | Reached skill level 5 in Armour
   580 | D        | Reached skill level 5 in Shields
   580 | D        | Reached XP level 5. HP: 34/46 MP: 5/5
   585 | D        | Acquired Okawaru's first power
   674 | D        | Noticed an orc warrior
   674 | D        | Noticed a worker ant
   674 | D        | Noticed a hungry ghost
   674 | D        | Noticed a worker ant
   674 | D        | Noticed a centaur warrior
   684 | D        | HP: 1/46 [orc warrior/trident (13)]
   687 | D        | Killed an orc warrior
   687 | D        | Reached skill level 7 in Maces & Flails
   687 | D        | Reached XP level 6. HP: 1/53 MP: 6/6
   692 | D        | HP: 1/53 [worker ant (2)]
   693 | D        | Killed a worker ant
   698 | D        | Slain by a hungry ghost

Vault maps used:
D:        linesprint

Action                   |  1- 3 |  4- 6 || total
-------------------------+-------+-------++-------
Melee: Flail             |    52 |       ||    52
       Morningstar       |     4 |    46 ||    50
Evoke: Wand              |       |     1 ||     1
